[Event "January 2 Late 2024"]
[Site "https://www.chess.com"]
[Date "2024.01.02"]
[Round "8"]
[White "Lysyj, Igor"]
[Black "Gulamali, Kazim"]
[Result "1-0"]
[Board "37"]
[TimeControl "180+1"]
[WhiteFideId "4150120"]
[BlackFideId "2024764"]
[WhiteElo "2814"]
[BlackElo "2579"]
[WhiteTeam "FID"]
[BlackTeam "USA"]
[WhiteClock "0:01:46"]
[BlackClock "0:00:29"]

1. d4 Nf6 2. c4 e6 3. Nf3 d5 4. g3 Bb4+ 5. Bd2 Bxd2+ 6. Nbxd2 O-O 7. Bg2 c6 8. O-O Nbd7 9. Qc2 b6 10. e4 Bb7 11. cxd5 cxd5 12. e5 Rc8 13. Qa4 Ne8 14. Qxa7 Bc6 15. Qa3 Nc7 16. Rfc1 Bb5 17. Qe3 Na6 18. a3 Rxc1+ 19. Rxc1 Qb8 20. Qb3 Be2 21. Qe3 Bxf3 22. Nxf3 Rc8 23. Bf1 Nc7 24. Rc6 Qb7 25. Qc1 Nb8 26. Rc3 h6 27. h4 Kf8 28. Qc2 Ke8 29. Qh7 1-0

[Event "January 2 Late 2024"]
[Site "https://www.chess.com"]
[Date "2024.01.02"]
[Round "8"]
[White "Pasti, Aron"]
[Black "Krzyzanowski, Marcin"]
[Result "0-1"]
[Board "38"]
[TimeControl "180+1"]
[WhiteFideId "785857"]
[BlackFideId "1132199"]
[WhiteElo "2550"]
[BlackElo "2788"]
[WhiteTeam "HUN"]
[BlackTeam "POL"]
[WhiteClock "0:00:00"]
[BlackClock "0:00:03"]

1. e4 c6 2. d4 d5 3. Nc3 dxe4 4. Nxe4 Nf6 5. Nxf6+ exf6 6. c3 Bd6 7. Bd3 O-O 8. Ne2 Re8 9. O-O Na6 10. Ng3 c5 11. Be3 cxd4 12. Bxd4 Nc5 13. Bxc5 Bxc5 14. Bxh7+ Kxh7 15. Qh5+ Kg8 16. Qxc5 Bg4 17. h3 Be2 18. Rfe1 Qd2 19. Qd4 Qxb2 20. Rab1 Qxa2 21. Rxb7 a5 22. Nf5 Qc4 23. Ne7+ Kf8 24. Ng6+ Kg8 25. Ne7+ Kf8 26. Qd7 Rad8 27. Ng6+ Kg8 28. Ne7+ Kf8 29. Ng6+ Kg8 30. Ne7+ Kh8 31. Qf5 Bd3 32. Qh5+ Bh7 33. Rb5 Qd3 34. Rxa5 f5 35. Rxf5 Rxe7 36. Rxe7 Qb1+ 37. Kh2 Qxf5 38. Qh4 Rf8 39. Re3 Qg6 40. Rg3 Qd6 41. Qg5 Bg6 42. h4 Qf6 43. Qg4 Qf5 44. Qb4 Re8 45. Qd4 Re4 46. Qd8+ Kh7 47. Rg5 Qxf2 48. Rg3 Qf4 0-1

[Event "January 2 Late 2024"]
[Site "https://www.chess.com"]
[Date "2024.01.02"]
[Round "8"]
[White "Kramnik, Vladimir"]
[Black "Ferreira, Vitor Hugo Vieira"]
[Result "1-0"]
[Board "39"]
[TimeControl "180+1"]
[WhiteFideId "4101588"]
[BlackFideId "2119765"]
[WhiteElo "2960"]
[BlackElo "2556"]
[WhiteTeam "RUS"]
[BlackTeam "BRA"]
[WhiteClock "0:00:48"]
[BlackClock "0:00:16"]

1. e4 c5 2. Nf3 d6 3. d4 cxd4 4. Nxd4 Nf6 5. Nc3 a6 6. Bc4 e6 7. Be3 Be7 8. Bb3 O-O 9. g4 Nc6 10. g5 Nd7 11. Rg1 Nxd4 12. Qxd4 Nc5 13. O-O-O Nxb3+ 14. axb3 Bd7 15. f4 Re8 16. Kb1 Bc6 17. f5 Bf8 18. h4 b5 19. h5 exf5 20. g6 fxg6 21. hxg6 h6 22. exf5 Re5 23. Qd3 b4 24. Bd4 Bb5 25. Nxb5 Rxb5 26. f6 gxf6 27. Qc4+ d5 28. Qe2 Bg7 29. Qe6+ Kh8 30. Rh1 Qe8 31. Rxh6+ Bxh6 32. Bxf6+ Bg7 33. Rh1# 1-0

[Event "January 2 Late 2024"]
[Site "https://www.chess.com"]
[Date "2024.01.02"]
[Round "8"]
[White "Khatoev, Eduard"]
[Black "Bok, Benjamin"]
[Result "0-1"]
[Board "40"]
[TimeControl "180+1"]
[WhiteFideId "24145076"]
[BlackFideId "1017063"]
[WhiteElo "2651"]
[BlackElo "2928"]
[WhiteTeam "RUS"]
[BlackTeam "NED"]
[WhiteClock "0:00:13"]
[BlackClock "0:00:11"]

1. Nf3 d5 2. e3 Nf6 3. b3 Bf5 4. Bb2 e6 5. Nc3 h6 6. d4 Nbd7 7. Bd3 Ne4 8. O-O Bd6 9. Nb5 Be7 10. Nc3 c6 11. Bxe4 dxe4 12. Nd2 Nf6 13. h3 O-O 14. a4 Bd6 15. Ba3 Bxa3 16. Rxa3 Qe7 17. Ra1 e5 18. Nc4 exd4 19. exd4 Rad8 20. Re1 Rd7 21. Ne5 Rd6 22. Nc4 Re6 23. Ne5 Rd8 24. Nc4 Bh7 25. Qd2 Nd5 26. Nxd5 Rxd5 27. Re3 c5 28. c3 Bg6 29. Qe2 cxd4 30. cxd4 Rxd4 31. Qe1 Rd3 32. Rc1 Qd8 33. Qa5 Qxa5 34. Nxa5 b6 35. Rc8+ Kh7 36. Nc4 Re7 37. Rxd3 exd3 38. f3 f6 39. Nd2 Re1+ 40. Kh2 Re2 41. Nf1 Rb2 42. Rc3 d2 43. Nxd2 Rxd2 44. Rc7 Rb2 45. Rxa7 Rxb3 46. Kg3 Bd3 47. Rb7 Rb4 48. Kh2 Bc2 49. Kg3 Bxa4 50. Kh2 Bb3 51. Kg3 Bc4 52. h4 b5 53. h5 Rb2 54. Kg4 Rxg2+ 0-1

[Event "January 2 Late 2024"]
[Site "https://www.chess.com"]
[Date "2024.01.02"]
[Round "8"]
[White "Santos Latasa, Jaime"]
[Black "CamillaEffect"]
[Result "1-0"]
[Board "41"]
[TimeControl "180+1"]
[WhiteFideId "2293307"]
[WhiteElo "2907"]
[BlackElo "2649"]
[WhiteTeam "ESP"]
[WhiteClock "0:01:46"]
[BlackClock "0:00:07"]

1. Nf3 d5 2. e3 c6 3. d4 Nf6 4. c4 Bg4 5. h3 Bxf3 6. Qxf3 e6 7. Nc3 Nbd7 8. Bd2 Bd6 9. cxd5 cxd5 10. Bd3 a6 11. g4 O-O 12. g5 Ne8 13. h4 b5 14. O-O-O Rc8 15. Kb1 Nb6 16. e4 b4 17. Ne2 Nc7 18. Rc1 a5 19. h5 Qd7 20. e5 Be7 21. Qh3 Nc4 22. Bf4 Nb5 23. g6 f5 24. h6 Nba3+ 25. Ka1 Nxb2 26. hxg7 1-0

[Event "January 2 Late 2024"]
[Site "https://www.chess.com"]
[Date "2024.01.02"]
[Round "8"]
[White "Bjelobrk, Igor"]
[Black "Mekhitarian, Krikor Sevag"]
[Result "0-1"]
[Board "42"]
[TimeControl "180+1"]
[WhiteFideId "4300726"]
[BlackFideId "2107660"]
[WhiteElo "2649"]
[BlackElo "2829"]
[WhiteTeam "AUS"]
[BlackTeam "BRA"]
[WhiteClock "0:00:02"]
[BlackClock "0:00:02"]

1. d4 Nf6 2. c4 g6 3. Nc3 d5 4. Nf3 Bg7 5. h4 dxc4 6. e4 c5 7. d5 b5 8. h5 Nxh5 9. Nxb5 Qa5+ 10. Nc3 Nd7 11. Bd2 Rb8 12. Bxc4 Rxb2 13. Rc1 O-O 14. Na4 Rxd2 15. Nxd2 Ne5 16. O-O Nf4 17. g3 Nh3+ 18. Kg2 Nxc4 19. Nxc4 Qc7 20. f4 h5 21. Ne3 h4 22. Rxc5 Qd7 23. g4 Nxf4+ 24. Rxf4 Bh6 25. Rf3 Qd6 26. Rc6 Qe5 27. Nc5 Qb2+ 28. Rf2 Qe5 29. Qf3 Qg5 30. Rxc8 Rxc8 31. Qxf7+ Kh8 32. Rf3 Rxc5 33. Qe8+ Kh7 34. Kh3 Bg7 35. Qf7 Rc3 36. d6 Rxe3 37. dxe7 Rxf3+ 38. Qxf3 Qxe7 39. Qf2 Bf6 40. Qe2 Kg7 41. Qc4 Be5 42. Qd5 g5 43. Qc6 a5 44. Qb5 Qf6 45. Qd3 Qf4 46. Qd7+ Qf7 47. Qb5 Qf3# 0-1

[Event "January 2 Late 2024"]
[Site "https://www.chess.com"]
[Date "2024.01.02"]
[Round "8"]
[White "Bachmann, Axel"]
[Black "Rojas Alarcon, Julian Antonio"]
[Result "0-1"]
[Board "43"]
[TimeControl "180+1"]
[WhiteFideId "3700488"]
[BlackFideId "5107407"]
[WhiteElo "2818"]
[BlackElo "2645"]
[WhiteTeam "PAR"]
[BlackTeam "MEX"]
[WhiteClock "0:00:24"]
[BlackClock "0:00:31"]

1. Nf3 g6 2. e4 Bg7 3. d4 c5 4. d5 d6 5. Nc3 Bg4 6. Bb5+ Nd7 7. a4 a6 8. Be2 Rb8 9. O-O Bxf3 10. Bxf3 b5 11. axb5 axb5 12. Be2 b4 13. Nb5 Rb7 14. c4 bxc3 15. bxc3 Ngf6 16. Qc2 O-O 17. Bf4 Qb8 18. Ra5 Ne8 19. Rfa1 Nc7 20. Na7 Rb2 21. Qd3 Qb3 22. Rc1 Ra8 23. Bd1 c4 24. Qh3 Qb6 25. Rca1 Qxf2+ 0-1

[Event "January 2 Late 2024"]
[Site "https://www.chess.com"]
[Date "2024.01.02"]
[Round "8"]
[White "Espinoza Villanueva, Rodrigo"]
[Black "Durarbayli, Vasif"]
[Result "0-1"]
[Board "44"]
[TimeControl "180+1"]
[WhiteFideId "5140188"]
[BlackFideId "13402935"]
[WhiteElo "2641"]
[BlackElo "2805"]
[WhiteTeam "MEX"]
[BlackTeam "AZE"]
[WhiteClock "0:00:05"]
[BlackClock "0:00:20"]

1. Nf3 c5 2. g3 Nc6 3. Bg2 g6 4. O-O Bg7 5. d3 d5 6. Nc3 e6 7. Na4 b6 8. c4 Nge7 9. Rb1 O-O 10. Bf4 h6 11. a3 e5 12. Bd2 e4 13. Ne1 exd3 14. exd3 dxc4 15. dxc4 Bf5 16. Rc1 Qd7 17. Bc3 Qxd1 18. Rxd1 Rad8 19. Rxd8 Rxd8 20. Bxg7 Kxg7 21. Nf3 Na5 22. Rc1 Nb3 23. Re1 Nc6 24. Nc3 Be6 25. Bf1 Nba5 26. Re4 Nd4 27. Nd2 f5 28. Re3 Kf6 29. f4 Ndb3 30. Nxb3 Nxb3 31. Re5 Rd2 32. Re2 Bxc4 33. Rxd2 Nxd2 34. Bxc4 Nxc4 35. Nd5+ Ke6 36. Nc7+ Kd7 37. Nb5 a6 38. Nc3 Nxb2 39. Nd5 Nc4 40. a4 Kd6 41. Nc3 Kc6 42. Kf2 b5 43. axb5+ axb5 44. Ke2 b4 45. Na4 Kb5 0-1

[Event "January 2 Late 2024"]
[Site "https://www.chess.com"]
[Date "2024.01.02"]
[Round "8"]
[White "Lagarde, Maxime"]
[Black "Yagupov, Igor"]
[Result "1-0"]
[Board "45"]
[TimeControl "180+1"]
[WhiteFideId "662399"]
[BlackFideId "4113632"]
[WhiteElo "2789"]
[BlackElo "2635"]
[WhiteTeam "FRA"]
[BlackTeam "RUS"]
[WhiteClock "0:00:10"]
[BlackClock "0:00:00"]

1. d4 d5 2. c4 c6 3. Nc3 Nf6 4. Nf3 e6 5. Bg5 h6 6. Bh4 dxc4 7. e4 g5 8. Bg3 b5 9. Be2 Bb7 10. O-O Nbd7 11. Qc2 Nh5 12. Rad1 Nxg3 13. fxg3 Bg7 14. e5 Qb6 15. Ne4 O-O-O 16. Nd6+ Kb8 17. Nxf7 c5 18. Nxd8 cxd4 19. Rxd4 Bxe5 20. Nxb7 Bxd4+ 21. Nxd4 Qxd4+ 22. Kh1 Ne5 23. Na5 h5 24. Rd1 Qe3 25. Qc3 Qxc3 26. bxc3 Kc7 27. Rb1 a6 28. a4 Rb8 29. axb5 axb5 30. Kg1 g4 31. Kf2 Nd7 32. Ke3 Nc5 33. Nxc4 bxc4 34. Rxb8 Kxb8 35. Bxc4 Kc7 36. Bd3 e5 37. Bg6 Na4 38. Kd2 e4 39. Bxe4 Kd6 40. Bg6 Ke5 41. Bxh5 Kf5 42. Be8 Nc5 43. Bc6 Ke5 44. Ke3 Kd6 45. Be4 Ke5 46. Bc2 Nd7 47. h4 Nf6 48. c4 Nh5 49. Kf2 Kd4 50. Bd1 Nf6 51. Be2 Ne4+ 52. Kg1 Nf6 53. Kf2 Ne4+ 54. Ke1 Nf6 55. Kd2 Ne4+ 56. Kc2 Nf6 57. Kb3 Kc5 58. Kc3 Ne4+ 59. Kd3 Nf6 60. Ke3 Kd6 61. Kf4 Nh5+ 62. Kxg4 Nf6+ 63. Kf5 Nd7 64. g4 Ne5 65. g5 Nd7 66. h5 Ke7 67. h6 Nf8 68. g6 1-0

[Event "January 2 Late 2024"]
[Site "https://www.chess.com"]
[Date "2024.01.02"]
[Round "8"]
[White "Timmermans, Mark"]
[Black "Luo, Terry"]
[Result "1-0"]
[Board "46"]
[TimeControl "180+1"]
[WhiteFideId "1026399"]
[BlackFideId "30931045"]
[WhiteElo "2769"]
[BlackElo "2622"]
[WhiteTeam "NED"]
[BlackTeam "USA"]
[WhiteClock "0:00:07"]
[BlackClock "0:00:06"]

1. b4 a5 2. b5 b6 3. Bb2 Bb7 4. e3 Nf6 5. c4 g6 6. a4 Bg7 7. Nf3 O-O 8. Be2 d6 9. O-O Nbd7 10. d4 e5 11. Nc3 Ne4 12. Nxe4 Bxe4 13. Nd2 Bb7 14. Bf3 Bxf3 15. Nxf3 exd4 16. Nxd4 Nc5 17. Nc6 Qd7 18. Bxg7 Kxg7 19. Ra3 Rae8 20. Qa1+ Kg8 21. f3 f5 22. Rd1 Qg7 23. Qxg7+ Kxg7 24. Kf2 g5 25. Nd4 Kf6 26. Ne2 h5 27. Nc3 Kg6 28. Rd5 h4 29. h3 Rf7 30. Ra2 Rfe7 31. Re2 Nd7 32. Rd4 Nc5 33. Rd1 Rf7 34. Ke1 Rfe7 35. Kd2 Nb3+ 36. Kc2 Nc5 37. Nd5 Rf7 38. Ra1 f4 39. e4 Re5 40. Nc3 Rfe7 41. Rd1 Rf7 42. Red2 Rfe7 43. Rd5 Kf7 44. Rxe5 Rxe5 45. Nd5 Nxa4 46. Nxc7 Rc5 47. Na8 Rxc4+ 48. Kb3 Rb4+ 49. Ka3 Nc5 50. Nxb6 Ke6 51. Nd5 Rb3+ 52. Ka2 a4 53. b6 Kd7 54. Rd4 Rb5 55. Nc3 Rxb6 56. Rd5 Kc6 57. Rxg5 Rb4 58. Rh5 Rc4 59. Nd5 Rc2+ 60. Ka3 Kb5 61. Nxf4 Rc3+ 62. Kb2 Kc4 63. Rd5 Re3 64. Rxd6 a3+ 65. Ka2 Kb4 66. Nd5+ 1-0

[Event "January 2 Late 2024"]
[Site "https://www.chess.com"]
[Date "2024.01.02"]
[Round "8"]
[White "Flores, Diego"]
[Black "Zomorrodian, Eilia"]
[Result "1-0"]
[Board "47"]
[TimeControl "180+1"]
[WhiteFideId "108049"]
[BlackFideId "12551805"]
[WhiteElo "2744"]
[BlackElo "2600"]
[WhiteTeam "ARG"]
[BlackTeam "CAN"]
[WhiteClock "0:00:18"]
[BlackClock "0:00:08"]

1. c4 Nf6 2. Nc3 g6 3. e4 d6 4. g3 Bg7 5. Bg2 O-O 6. Nge2 c5 7. d3 Nc6 8. O-O Ne8 9. Be3 Nc7 10. d4 cxd4 11. Nxd4 Bd7 12. h3 Ne6 13. Nde2 Qc8 14. Rc1 Qd8 15. Kh2 Qa5 16. b3 Rfc8 17. Qd2 Qd8 18. f4 Nc5 19. Nd5 Be6 20. Rfd1 Bxd5 21. exd5 Nb8 22. Re1 Nbd7 23. Bd4 Nf6 24. Nc3 a6 25. Re3 Bf8 26. Rce1 Qd7 27. b4 Na4 28. Nxa4 Qxa4 29. Rxe7 Bxe7 30. Rxe7 Nh5 31. c5 Re8 32. cxd6 Rxe7 33. dxe7 Qd7 34. g4 Ng7 35. Qe3 Re8 36. Qe5 f6 37. Qxf6 Qxe7 38. Qxe7 Rxe7 39. d6 Rd7 40. Bd5+ Kf8 41. Be5 Ne8 42. Be6 Rd8 43. d7 Ng7 44. f5 Nxe6 45. fxe6 Ke7 46. Bc7 Rf8 47. Kg3 g5 48. a4 h6 49. a5 Rg8 50. Kf3 Kxe6 51. d8=Q Rxd8 52. Bxd8 Kd5 53. Bf6 Kc4 54. Bg7 Kxb4 55. Bxh6 Kxa5 56. Bxg5 b5 57. Bf6 Kb4 58. g5 a5 59. g6 a4 60. g7 Ka3 61. g8=Q b4 62. Qc4 b3 63. Be7+ Kb2 64. Qxa4 Kc1 65. Bg5+ Kc2 66. Ke2 Kc3 67. Bf6+ Kc2 68. Qc4+ Kb1 69. Qxb3+ Kc1 70. Bg5# 1-0

[Event "January 2 Late 2024"]
[Site "https://www.chess.com"]
[Date "2024.01.02"]
[Round "8"]
[White "Zarubitski, Viachaslau"]
[Black "Palchuk, Andrii"]
[Result "0-1"]
[Board "48"]
[TimeControl "180+1"]
[WhiteFideId "13509373"]
[BlackFideId "14176688"]
[WhiteElo "2729"]
[BlackElo "2595"]
[WhiteTeam "BLR"]
[BlackTeam "UKR"]
[WhiteClock "0:00:07"]
[BlackClock "0:00:12"]

1. a3 Nf6 2. Nf3 d5 3. d4 Bf5 4. c4 e6 5. Bf4 c6 6. Nc3 dxc4 7. Ne5 b5 8. f3 Nh5 9. Be3 Bg6 10. g4 Nf6 11. h4 h5 12. Nxg6 fxg6 13. Qc2 Kf7 14. gxh5 Rxh5 15. Rg1 Rf5 16. Bh3 Nd5 17. Bg5 Be7 18. e4 Bxg5 19. exf5 Bxh4+ 20. Kd2 Bg5+ 21. f4 Bxf4+ 22. Ke2 gxf5 23. Nxd5 Qxd5 24. Raf1 Qxd4 25. Rf3 Qxg1 26. Bxf5 g5 27. Bxe6+ Kxe6 28. Qg6+ Kd7 29. Rxf4 Qh2+ 30. Rf2 Qe5+ 31. Kf1 Kc7 32. a4 Nd7 33. a5 Rf8 34. Rxf8 Nxf8 35. Qf7+ Nd7 36. Qf2 Qf4 0-1

[Event "January 2 Late 2024"]
[Site "https://www.chess.com"]
[Date "2024.01.02"]
[Round "8"]
[White "Lund, Gunnar"]
[Black "Makridis, Dimitrios"]
[Result "1/2-1/2"]
[Board "49"]
[TimeControl "180+1"]
[WhiteFideId "1520814"]
[BlackFideId "25864475"]
[WhiteElo "2588"]
[BlackElo "2717"]
[WhiteTeam "NOR"]
[BlackTeam "GRE"]
[WhiteClock "0:00:10"]
[BlackClock "0:00:24"]

1. e4 c5 2. Nf3 d6 3. Bb5+ Nd7 4. O-O Nf6 5. Re1 a6 6. Bd3 g6 7. c3 Bg7 8. Bc2 O-O 9. d4 e5 10. Nbd2 b5 11. Nf1 Bb7 12. Ng3 cxd4 13. cxd4 Rc8 14. Bd2 exd4 15. Nxd4 Re8 16. Bc3 Nc5 17. f3 Qb6 18. a3 d5 19. e5 Nfd7 20. f4 f6 21. exf6 Nxf6 22. Kh1 Nce4 23. Nxe4 dxe4 24. Bb3+ Kh8 25. f5 e3 26. Ne6 Qc6 27. Qe2 gxf5 28. Nxg7 Kxg7 29. Rf1 Kg6 30. Rf3 Ne4 31. Qxe3 Ng5 32. Bf7+ Nxf7 33. Rg3+ Kh5 34. Rh3+ Kg6 35. Rg3+ Kh5 36. Qf4 Qe4 37. Rh3+ Kg6 38. Rg3+ Kh5 39. Rh3+ Kg6 1/2-1/2

[Event "January 2 Late 2024"]
[Site "https://www.chess.com"]
[Date "2024.01.02"]
[Round "8"]
[White "Korchynskyi, Mykola"]
[Black "Han, Yichen"]
[Result "1-0"]
[Board "50"]
[TimeControl "180+1"]
[WhiteFideId "34138005"]
[BlackFideId "1054430"]
[WhiteElo "2587"]
[BlackElo "2703"]
[WhiteTeam "UKR"]
[BlackTeam "NED"]
[WhiteClock "0:00:06"]
[BlackClock "0:00:00"]

1. d4 Nf6 2. c4 e6 3. Nc3 d5 4. Bg5 dxc4 5. e3 Bb4 6. Bxc4 c5 7. Nf3 Nc6 8. O-O h6 9. Bh4 cxd4 10. exd4 O-O 11. Qa4 Be7 12. Rad1 Nd5 13. Bxe7 Ncxe7 14. Nxd5 Nxd5 15. Bxd5 Qxd5 16. Ne5 b5 17. Qb4 Bb7 18. f3 Rac8 19. a3 Rc2 20. Kh1 a6 21. Rc1 Rxc1 22. Rxc1 Qd8 23. Qc5 Bd5 24. Qa7 Qg5 25. Rd1 Qe3 26. Qxa6 Qe2 27. Rg1 Qxb2 28. Qa7 Qa2 29. Qc5 Qb3 30. Qe7 Qc3 31. Qc5 Rc8 32. Qxb5 Qxd4 33. Nxf7 Bxf3 34. gxf3 Kxf7 35. Qb7+ Kg8 36. Qxc8+ Kh7 37. Qxe6 Qc3 38. Qg6+ Kh8 39. Qe8+ Kh7 40. Qe4+ Kh8 41. Rd1 Qf6 42. a4 h5 43. a5 h4 44. a6 1-0

[Event "January 2 Late 2024"]
[Site "https://www.chess.com"]
[Date "2024.01.02"]
[Round "8"]
[White "Tanriverdi, Enes"]
[Black "Asish Panda"]
[Result "1-0"]
[Board "51"]
[TimeControl "180+1"]
[WhiteFideId "34543279"]
[BlackFideId "45012458"]
[WhiteElo "2701"]
[BlackElo "2566"]
[WhiteTeam "TUR"]
[BlackTeam "IND"]
[WhiteClock "0:00:34"]
[BlackClock "0:00:00"]

1. d4 d5 2. Nf3 Nf6 3. Bf4 e6 4. e3 c5 5. c3 Bd6 6. Bg3 O-O 7. Nbd2 Ne4 8. Nxe4 dxe4 9. Nd2 f5 10. Nc4 Bxg3 11. hxg3 cxd4 12. exd4 Nc6 13. Qb3 Qf6 14. Nd6 Qe7 15. Qa3 Rd8 16. Nb5 a6 17. Qxe7 Nxe7 18. Na3 b5 19. Be2 Bb7 20. O-O Kf7 21. Rfd1 Kf6 22. Nc2 Nd5 23. a4 Bc6 24. Ra3 Rdb8 25. Rda1 bxa4 26. c4 Nb4 27. Ne3 g5 28. Bd1 Nd3 29. Bxa4 Bxa4 30. Rxa4 Rxb2 31. Rf1 f4 32. Nd1 Rd2 33. Nc3 Rc2 34. Nxe4+ Kf5 35. Nd6+ Kg4 36. c5 fxg3 37. d5+ Nf4 38. Ne4 gxf2+ 39. Nxf2+ 1-0

[Event "January 2 Late 2024"]
[Site "https://www.chess.com"]
[Date "2024.01.02"]
[Round "8"]
[White "Kochiev, Ivan"]
[Black "Manolache, Marius"]
[Result "0-1"]
[Board "52"]
[TimeControl "180+1"]
[WhiteFideId "2917890"]
[BlackFideId "1201530"]
[WhiteElo "2563"]
[BlackElo "2682"]
[WhiteTeam "BUL"]
[BlackTeam "ROU"]
[WhiteClock "0:02:29"]
[BlackClock "0:02:41"]

1. e4 c5 2. Nf3 e6 3. d4 cxd4 4. Nxd4 Nc6 5. Nc3 Qc7 6. f4 d6 7. Nxc6 bxc6 8. Bd3 a5 9. O-O Nf6 10. Qf3 Bb7 11. e5 dxe5 12. fxe5 Qxe5 13. Bf4 Qh5 14. Qe3 Bc5 0-1

[Event "January 2 Late 2024"]
[Site "https://www.chess.com"]
[Date "2024.01.02"]
[Round "8"]
[White "Leenhouts, Koen"]
[Black "TheCavemanChess"]
[Result "1-0"]
[Board "53"]
[TimeControl "180+1"]
[WhiteFideId "1008439"]
[WhiteElo "2540"]
[BlackElo "2679"]
[WhiteTeam "NED"]
[WhiteClock "0:00:07"]
[BlackClock "0:00:10"]

1. d4 Nf6 2. Nf3 e6 3. g3 Be7 4. c4 O-O 5. Bg2 d5 6. O-O dxc4 7. Qc2 a6 8. a4 Bd7 9. Qxc4 Bc6 10. Bf4 a5 11. Nc3 Na6 12. Rfe1 Bxf3 13. Bxf3 c6 14. Qb3 Nb4 15. Rad1 h6 16. h4 Re8 17. Kg2 Bd6 18. Bxd6 Qxd6 19. e3 Rad8 20. Ne4 Nxe4 21. Bxe4 Kh8 22. h5 Kg8 23. Rc1 e5 24. Red1 Kf8 25. dxe5 Qxe5 26. Bf3 Ke7 27. Qc4 Rd6 28. Rd4 Rxd4 29. exd4 Qd6 30. Re1+ Kf8 31. Rxe8+ Kxe8 32. Qe2+ Kf8 33. Qe4 Qe7 34. Qh7 Qf6 35. Qh8+ Ke7 36. Qa8 Qxd4 37. Qxb7+ Kf6 38. Bxc6 Qxb2 39. Bd5 Nd3 40. Qxf7+ Ke5 41. Qe6+ Kd4 42. Qe4+ Kc3 43. Qf5 Qd2 44. Be4 Ne1+ 45. Kf1 Kb4 46. Qb5+ Ka3 47. Qc5+ Kxa4 48. Bc6+ Kb3 49. Qb5+ Ka3 50. Qc5+ Kb2 51. Qe5+ Ka3 52. Qxe1 Qc2 53. Qe3+ Kb2 54. Qe2 1-0

[Event "January 2 Late 2024"]
[Site "https://www.chess.com"]
[Date "2024.01.02"]
[Round "8"]
[White "Annaberdiyev, Meylis"]
[Black "Sukandar, Irine Kharisma"]
[Result "1-0"]
[Board "54"]
[TimeControl "180+1"]
[WhiteFideId "14000563"]
[BlackFideId "7101937"]
[WhiteElo "2677"]
[BlackElo "2499"]
[WhiteTeam "TKM"]
[BlackTeam "INA"]
[WhiteClock "0:00:48"]
[BlackClock "0:00:00"]

1. e4 c5 2. Nc3 d6 3. Bc4 Nf6 4. d3 Nc6 5. a3 e6 6. Ba2 Be7 7. f4 O-O 8. Nf3 Rb8 9. O-O b5 10. Kh1 b4 11. Ne2 a5 12. a4 e5 13. Ng3 Qc7 14. fxe5 dxe5 15. Bg5 Be6 16. Bxe6 fxe6 17. Nd2 Nd4 18. Be3 Rf7 19. Nh5 Rbf8 20. Nxf6+ Bxf6 21. Nc4 h6 22. g3 Bg5 23. Rxf7 Rxf7 24. Bxd4 exd4 25. Qe2 Qc8 26. Kg2 Qf8 27. Rf1 Rxf1 28. Qxf1 Qe8 29. Qf3 Qxa4 30. b3 Qa2 31. Qe2 Qb1 32. h4 1-0

[Event "January 2 Late 2024"]
[Site "https://www.chess.com"]
[Date "2024.01.02"]
[Round "8"]
[White "Federzoni, Enzo"]
[Black "Jakubowski, Krzysztof"]
[Result "1-0"]
[Board "55"]
[TimeControl "180+1"]
[WhiteFideId "2173301"]
[BlackFideId "1112848"]
[WhiteElo "2457"]
[BlackElo "2669"]
[WhiteTeam "BRA"]
[BlackTeam "POL"]
[WhiteClock "0:00:10"]
[BlackClock "0:00:00"]

1. e4 c5 2. Nf3 d6 3. d4 cxd4 4. Nxd4 Nf6 5. Nc3 a6 6. Bg5 e6 7. f4 Be7 8. Qf3 Qc7 9. O-O-O Nbd7 10. f5 e5 11. Nde2 h6 12. Bxf6 Nxf6 13. Nd5 Nxd5 14. exd5 Bd7 15. Ng3 b5 16. Bd3 a5 17. Nh5 Bf6 18. g4 b4 19. h4 a4 20. g5 hxg5 21. Nxf6+ gxf6 22. hxg5 Rf8 23. gxf6 a3 24. Rh4 b3 25. bxa3 Qc3 26. axb3 Rxa3 27. Ra4 Rxa4 28. bxa4 Rh8 29. Qe4 Qa3+ 30. Kd2 Rh2+ 31. Ke1 Qc3+ 32. Kf1 Qc5 33. Qf3 Bxa4 34. Qg3 Rh8 35. Qg1 Qb4 36. Ra1 Qf4+ 37. Ke1 Qh4+ 38. Qf2 Qh1+ 39. Bf1 Qe4+ 40. Qe2 Qd4 41. Rb1 Rh4 42. Rb8+ Kd7 43. Qd3 Re4+ 44. Kd2 Qf2+ 45. Kc1 Re1+ 46. Kb2 Qxf1 47. Rb7+ Kc8 48. Qxf1 Rxf1 49. Rxf7 Rxf5 50. Rf8+ Kc7 51. f7 Bd7 52. c4 e4 53. Kc3 Rf3+ 54. Kd4 e3 55. Kd3 Bg4 56. Ra8 e2+ 57. Kd2 Rxf7 58. Ra7+ Kb6 59. Rxf7 Kc5 60. Rf4 Bh5 61. Rh4 Bf3 62. Rf4 Bh5 63. Re4 Bf3 64. Re3 Bh5 65. Kc3 Bg4 66. Re7 Bh5 67. Rc7+ 1-0

[Event "January 2 Late 2024"]
[Site "https://www.chess.com"]
[Date "2024.01.02"]
[Round "8"]
[White "Gurevich, Dmitry"]
[Black "Hamitevici, Vladimir"]
[Result "1-0"]
[Board "56"]
[TimeControl "180+1"]
[WhiteFideId "2000407"]
[BlackFideId "13902393"]
[WhiteElo "2444"]
[BlackElo "2659"]
[WhiteTeam "USA"]
[BlackTeam "MDA"]
[WhiteClock "0:00:30"]
[BlackClock "0:00:00"]

1. d4 e6 2. c4 b6 3. a3 Nf6 4. Nc3 Bb7 5. d5 Bd6 6. g3 Be5 7. Bd2 exd5 8. Bg2 O-O 9. cxd5 Re8 10. Nh3 Ba6 11. Nf4 c5 12. O-O d6 13. Nd3 Nbd7 14. Nxe5 Nxe5 15. b3 b5 16. Qb1 Qc8 17. Re1 Rb8 18. Bg5 Nfd7 19. h3 b4 20. axb4 Rxb4 21. Qa2 Nb8 22. Bd2 Qb7 23. Ne4 Rxe4 24. Bxe4 c4 25. Reb1 Qd7 26. bxc4 Qxh3 27. Bg2 1-0

[Event "January 2 Late 2024"]
[Site "https://www.chess.com"]
[Date "2024.01.02"]
[Round "8"]
[White "Martin Fuentes, Alberto"]
[Black "Seletsky, Grigory"]
[Result "1-0"]
[Board "57"]
[TimeControl "180+1"]
[WhiteFideId "2292289"]
[BlackFideId "14112191"]
[WhiteElo "2655"]
[BlackElo "2440"]
[WhiteTeam "ESP"]
[BlackTeam "UKR"]
[WhiteClock "0:00:53"]
[BlackClock "0:00:05"]

1. e4 e6 2. Nf3 d5 3. e5 c5 4. b4 b6 5. bxc5 bxc5 6. c3 Qd7 7. Be2 Ba6 8. d3 Ne7 9. O-O Ng6 10. h4 Nc6 11. Qa4 Bb7 12. d4 c4 13. Qc2 Be7 14. h5 Nf8 15. h6 g6 16. Ba3 Qc7 17. Bxe7 Qxe7 18. a4 Nd7 19. Na3 O-O 20. Nb5 a6 21. Nd6 Rfb8 22. Rab1 Bc8 23. Qd2 Nd8 24. Qf4 f6 25. Rfe1 fxe5 26. dxe5 Nf7 27. Nxf7 Qxf7 28. Qxf7+ Kxf7 29. Ng5+ Ke7 30. f4 Nf8 31. Kf2 a5 32. Rec1 Bd7 33. Bd1 Kd8 34. Ke3 Kc7 35. Kd4 Rxb1 36. Rxb1 Rb8 37. Rxb8 Kxb8 38. Kc5 Kc7 39. Bc2 Be8 40. g4 Nd7+ 41. Kd4 Nf8 42. f5 gxf5 43. gxf5 exf5 44. Kxd5 f4 45. Nxh7 Nxh7 46. Bxh7 f3 47. Kxc4 Bxa4 48. Bd3 Kb6 49. h7 Bb5+ 50. Kd4 Bxd3 51. Kxd3 f2 52. Ke2 a4 53. h8=Q a3 54. Qa8 a2 55. Qxa2 Kc5 56. Kxf2 Kb5 57. Ke3 Kc5 58. Qe6 Kb5 59. Qd6 Kc4 60. e6 Kb3 61. c4 Kc3 62. c5 Kc4 63. c6 Kb5 64. c7 Ka4 65. c8=Q Kb5 66. Qdb8+ Ka5 67. Qc5+ 1-0

[Event "January 2 Late 2024"]
[Site "https://www.chess.com"]
[Date "2024.01.02"]
[Round "8"]
[White "Rustemov, Alexander"]
[Black "Lin, Bryan Enming"]
[Result "1-0"]
[Board "58"]
[TimeControl "180+1"]
[WhiteFideId "4119002"]
[BlackFideId "30987121"]
[WhiteElo "2852"]
[BlackElo "2555"]
[WhiteTeam "RUS"]
[BlackTeam "USA"]
[WhiteClock "0:00:20"]
[BlackClock "0:00:57"]

1. d4 Nf6 2. c4 g6 3. g3 Bg7 4. Bg2 O-O 5. Nc3 d6 6. Nf3 Nc6 7. O-O Bg4 8. d5 Na5 9. Nd2 c5 10. h3 Bd7 11. Qc2 a6 12. b3 b5 13. Bb2 Rb8 14. Rab1 e5 15. dxe6 Bxe6 16. cxb5 axb5 17. Nce4 Nxe4 18. Nxe4 c4 19. Bxg7 Kxg7 20. Rfd1 d5 21. Qc3+ f6 22. Nc5 Bf7 23. b4 Nc6 24. e3 Qd6 25. Rd2 Ra8 26. Rbd1 d4 27. exd4 Bd5 28. Re1 Rae8 29. Rde2 Kf7 30. Bxd5+ Qxd5 31. Ne6 Rxe6 32. Rxe6 Ne5 33. Rxf6+ Kxf6 34. Rxe5 Qb7 35. d5 Kf7 36. Qe3 Kg8 37. d6 Qd5 38. Rxd5 1-0